Map: [TLMC19] Silverflame

Players

BlyOnFire (Bly)

  • Race: Zerg Zerg
  • Spawn Location: 11:00

LiquidClem (Clem) - Winner!

  • Race: Terran Terran
  • League: Grandmaster
  • Spawn Location: 5:00

VOD

Have the link to the VOD?

Description

Time

  • Played on: Dec. 23, 2023, 9:52 a.m.
  • Length: 7:42
Show
View Real Time Build Order
Export as new Build Order

BlyOnFire Zerg 

Build Orders: Hatch First 

Get SALT Encoding   

  12  0:00  Drone  
  13  0:12  Overlord  
  13  0:19  Drone  
  14  0:31  Drone x2  
  16  0:50  Hatchery  
  16  0:53  Drone  
  16  0:56  Drone  
  17  0:58  Drone  
  18  1:11  Extractor  
  18  1:14  Spawning Pool  
  18  1:17  Drone  
  17  1:20  Drone  
  18  1:28  Drone  
  19  1:39  Drone  
  20  1:49  Overlord  
  20  2:01  Queen x2  
  20  2:02  Zergling x4  
  26  2:11  Drone  
  26  2:12  Drone  
  26  2:14  Metabolic Boost  
  28  2:29  Drone x2  
  29  2:37  Queen  
  29  2:40  Queen  
  29  2:43  Overlord  
  33  2:48  Drone x2  
  33  2:49  Drone  
  36  2:59  Overlord  
  36  3:10  Zergling x4  
  36  3:11  Zergling x4  
  36  3:12  Zergling x4  
  42  3:21  Drone x3  
  42  3:22  Drone x2  
  42  3:26  Lair  
  47  3:34  Overlord  
  47  3:47  Zergling x10  
  52  3:49  Overlord  
  52  3:56  Overlord  
  52  3:57  Overlord  
  52  4:00  Overlord  
  50  4:08  Hatchery  
  49  4:14  Drone x3  
  51  4:19  Extractor  
  50  4:29  Drone x4  
  49  4:41  Extractor  
  49  4:42  Spire  
  49  4:43  Zergling x14  
  52  4:51  Extractor  
  52  4:52  Drone  
  52  4:57  Drone  
  53  5:01  Drone  
  53  5:06  Drone  
  55  5:14  Overlord  
  55  5:16  Overlord  
  55  5:20  Drone  
  55  5:21  Drone x4  
  58  5:30  Zergling x4  
  58  5:35  Zergling x2  
  61  5:39  Extractor  
  61  5:40  Zergling x10  
  64  5:55  Mutalisk x6  
  69  6:04  Mutalisk  
  69  6:05  Zergling x4  
  70  6:13  Mutalisk  
  70  6:14  Zergling x8  
  70  6:18  Baneling Nest  
  75  6:23  Zergling x8  
  74  6:31  Zergling x4  
  71  6:39  Mutalisk  
  55  6:40  Zergling x8  
  55  6:46  Mutalisk  
  60  6:55  Mutalisk x2  
  63  7:06  Baneling x5  
  63  7:08  Drone x2  
  65  7:17  Baneling x7  
  65  7:20  Baneling x3  
  65  7:23  Zergling x2  
Show
View Real Time Build Order
Export as new Build Order

LiquidClem Terran - Winner!

Build Orders: Reaper Expand 

Get SALT Encoding   

  12  0:00  SCV  
  13  0:12  SCV  
  14  0:18  Supply Depot  
  14  0:24  SCV  
  15  0:40  SCV  
  15  0:41  Barracks  
  16  0:45  Refinery  
  16  0:52  SCV  
  18  1:04  SCV  
  18  1:16  SCV  
  19  1:28  Reaper  
  19  1:29  Orbital Command  
  20  1:42  Command Center  
  20  1:50  Supply Depot  
  20  1:54  SCV  
  20  2:00  Marine  
  22  2:06  SCV  
  23  2:15  Factory  
  23  2:18  SCV  
  24  2:23  Barracks Reactor  
  24  2:30  SCV  
  25  2:42  Command Center  
  25  2:45  SCV  
  26  2:57  SCV  
  28  3:00  Orbital Command  
  28  3:05  Barracks  
  27  3:07  Barracks Tech Lab  
  27  3:10  Hellion  
  29  3:13  SCV  
  29  3:18  Hellion  
  32  3:25  SCV  
  32  3:26  Marine  
  32  3:27  SCV  
  35  3:31  Stimpack  
  35  3:32  Hellion  
  37  3:39  SCV, Hellion  
  37  3:40  SCV  
  41  3:45  Marine  
  42  3:51  SCV  
  42  3:53  SCV  
  44  3:56  Starport  
  44  3:58  SCV  
  44  4:04  SCV  
  44  4:06  Marine  
  44  4:07  SCV  
  47  4:11  Marine x2  
  47  4:12  Factory Reactor  
  47  4:17  SCV  
  50  4:22  SCV  
  50  4:24  Marine  
  51  4:29  Supply Depot, SCV, Marine x2  
  51  4:30  Orbital Command  
  55  4:33  Refinery  
  55  4:34  SCV  
  55  4:41  SCV  
  55  4:42  Marine  
  57  4:46  SCV  
  57  4:47  Marine x2  
  60  4:53  SCV  
  60  4:57  SCV  
  60  4:58  Supply Depot, SCV, Widow Mine  
  60  4:59  Marine  
  65  5:04  Marine  
  65  5:05  Marine  
  69  5:07  SCV  
  69  5:10  Supply Depot  
  69  5:15  Combat Shield, SCV  
  69  5:17  SCV, Marine  
  69  5:24  Engineering Bay  
  69  5:26  Engineering Bay, Barracks  
  69  5:28  Refinery x2  
  69  5:31  SCV x2, Marine x2  
  69  5:33  Factory Reactor  
  69  5:34  Supply Depot  
  69  5:35  SCV, Marine  
  75  5:44  SCV  
  75  5:45  Supply Depot  
  75  5:49  Marine x2  
  78  5:50  Medivac x2  
  78  5:52  SCV x2  
  78  5:53  Marine  
  85  5:59  SCV  
  82  6:04  SCV x2  
  82  6:06  Marine  
  82  6:07  Marine  
  82  6:11  Supply Depot, SCV, Marine  
  82  6:12  Marine  
  83  6:19  SCV  
  83  6:24  Marine  
  83  6:25  Marine  
  79  6:28  Marine  
  79  6:29  Widow Mine x2, Medivac x2  
  86  6:35  SCV, Barracks Reactor  
  79  6:42  SCV, Marine  
  79  6:43  Supply Depot, Marine  
  79  6:44  Barracks  
  79  6:45  Barracks  
  77  6:47  SCV x2, Missile Turret  
  77  6:53  Missile Turret  
  75  6:54  SCV  
  75  6:55  Marine, Missile Turret  
  75  7:00  Widow Mine x2  
  80  7:02  SCV  
  80  7:03  Supply Depot, SCV, Marine  
  80  7:04  Marine  
  84  7:09  SCV  
  84  7:11  Supply Depot  
  84  7:13  Marine  
  84  7:14  SCV  
  84  7:15  SCV  
  88  7:19  Marine x2  
  88  7:20  Supply Depot  
  88  7:21  SCV, Marine x2  
  93  7:29  SCV  
  98  7:35  Supply Depot  
Tags
 
Add a new tag
Caveats
  • Supply blocks, unpowered buildings, or Contaminate may cause inaccurate times.
  • Supply counts are checked every 10 seconds.